AoeStats
← JRazzz

African Clearing

506164620Analyzed
2v2 RM · 21d ago on Sep 12, 2026· 29m 32s· 4 players
Game mode
Random Map
Map size
Medium (4 player)
Population
200
Speed
Normal
Resources
Standard
Victory
Conquest
Starting age
Dark Age
Ending age
Imperial Age
RankedLock teamsTeams togetherTeam positionsShared explorationLock speedFull tech treeHidden civsTurbo modeCheats
Victory
Defeat
🇬🇧 Cumans · United Kingdom
1250
+14
🇦🇷 Mongols · Argentina
1194
+15
🇺🇸 Romans · United States
1209
-15
🇺🇸 Ethiopians · United States
1179
-14
DoctorGuevas
3:52 Loom
13:12 Feudal Age
13:20 Man-at-Arms
13:49 Double-Bit Axe
19:28 Horse Collar
21:00 Scale Mail Armor
21:12 Forging
28:04 Castle Age
27:30 Fletching
WasItSafe
4:06 Loom
15:38 Feudal Age
20:29 Castle Age
18:43 Fletching
18:54 Padded Archer Armor
19:45 Gold Mining
20:32 Crossbowman
22:01 Wheelbarrow
24:17 Bodkin Arrow
27:56 Double-Bit Axe
JRazzz
2:51 Loom
11:06 Feudal Age
11:53 Double-Bit Axe
12:23 Horse Collar
15:21 Wheelbarrow
22:58 Castle Age
21:37 Bloodlines
21:51 Forging
22:09 Scale Barding Armor
24:32 Chain Barding Armor
24:39 Gold Mining
25:50 Iron Casting
lenhhoxung
5:27 Loom
13:01 Feudal Age
16:34 Scale Barding Armor
17:01 Forging
18:10 Bloodlines
26:46 Castle Age
24:47 Stone Mining
26:43 Fletching
27:58 Town Watch
28:08 Bodkin Arrow
Connection lost

Rejoining the realm…

Still unreachable

The connection could not be restored.

Session expired

The server has moved on; the page needs a fresh start.